 Dungeon Crawl Stone Soup version 0.31.0-32-g396128a36d (webtiles) character file.

Game seed: 8109441636220824998

63 PaiMei the Grave Robber (level 3, -2/24 HPs)
             Began as a Demonspawn Necromancer on Apr 18, 2024.
             Slain by a centaur (5 damage)
             ... on level 3 of the Dungeon.
             The game lasted 00:02:28 (1859 turns).

PaiMei the Grave Robber (Demonspawn Necromancer)    Turns: 1859, Time: 00:02:29

Health: -2/24      AC:  5    Str:  8    XL:     3   Next: 89%
Magic:  6/6        EV: 12    Int: 17    God:
Gold:   112        SH:  0    Dex: 13    Spells: 6/7 levels left

rFire   . . .        f - +0 war axe
rCold   . . .        (no shield)
rNeg    . . .        a - +0 robe
rPois   .            (no helmet)
rElec   .            (no cloak)
rCorr   .            (no gloves)
SInv    .            k - +2 pair of boots
Will    .....        (no amulet)
Stlth   ++           (no ring)
HPRegen 0.24/turn    (no ring)
MPRegen 0.10/turn

%: no passive effects
@: no status effects
A: demonic guardian 1, foul stench 1
a: no special abilities


You were on level 3 of the Dungeon.
You visited 1 branch of the dungeon, and saw 3 of its levels.

You collected 112 gold pieces.

Inventory:

Hand Weapons
 c - a +0 whip
 f - a +0 war axe (weapon)
Missiles
 p - 8 poisoned darts (quivered)
Armour
 a - a +0 robe (worn)
 k - a +2 pair of boots (worn)
Jewellery
 r - a ring of fire
Scrolls
 d - a scroll of immolation {unknown}
 e - 3 scrolls of noise {unknown}
 g - 2 scrolls of torment {unknown}
 j - 2 scrolls of identify {unknown}
 l - 3 scrolls of vulnerability {unknown}
 n - a scroll of blinking {unknown}
 q - a scroll of fog {unknown}
Potions
 b - a potion of magic
 h - a potion of might {unknown}
 i - a potion of brilliance {unknown}
 m - a potion of invisibility {unknown}
 o - a potion of curing {unknown}


   Skills:
 + Level 2.5 Dodging
 + Level 2.4 Stealth
 + Level 2.5 Spellcasting
 + Level 4.8 Necromancy


You had 6 spell levels left.
You knew the following spells:

 Your Spells              Type           Power      Damage    Failure   Level
a - Necrotise             Necr           72%        1d7       2%          1

Your spell library contained the following spells:

 Spells                   Type           Power      Damage    Failure   Level
 Sublimation of Blood     Necr           18%        N/A       3%          2
 Vampiric Draining        Necr           18%        2d7       8%          3
 Apportation              Tloc           4%         N/A       19%         1
 Slow                     Hex            8%         N/A       19%         1
 Sting                    Conj/Alch      8%         1d3       19%         1
 Summon Small Mammal      Summ           8%         N/A       19%         1
 Animate Dead             Necr           18%        N/A       24%         4
 Call Imp                 Summ           4%         N/A       28%         2
 Confusing Touch          Hex            2%         N/A       50%         3
 Hailstorm                Conj/Ice       2%         3d5       50%         3
 Sigil of Binding         Hex            2%         N/A       50%         3
 Summon Ice Beast         Ice/Summ       2%         N/A       50%         3
 Curse of Agony           Necr           18%        N/A       56%         5
 Sculpt Simulacrum        Ice/Alch       1%         N/A       100%        6
 Summon Hydra             Summ           1%         N/A       100%        7


Dungeon Overview and Level Annotations

Branches:
Dungeon (3/15)

Altars:


Innate Abilities, Weirdness & Mutations

A weak demonic guardian rushes to your aid.
You may rarely emit foul miasma when damaged in melee.


Message History

The arrow hits you but does no damage.
The centaur shoots an arrow.
The arrow hits your kobold skeleton!
Your kobold skeleton is destroyed!
The centaur shoots an arrow.
The arrow barely misses you.
The centaur shoots an arrow.
The arrow misses you.
Found a sling.
The centaur shoots an arrow.
The arrow hits you!
Ouch! That really hurt!
* * * LOW HITPOINT WARNING * * *
A demonic guardian appears!
The centaur unwields a +0 orcbow.
The centaur barely misses you. The centaur kicks you.
* * * LOW HITPOINT WARNING * * *
The centaur hits you.
* * * LOW HITPOINT WARNING * * *
The centaur kicks you but does no damage.
Casting: Necrotise (safe; 2% risk of failure)
Confirm with . or Enter, or press ? or * to list all spells.
You don't know that spell.
Casting: Necrotise (safe; 2% risk of failure)
Confirm with . or Enter, or press ? or * to list all spells.
You don't know that spell.
Casting: Necrotise (safe; 2% risk of failure)
Confirm with . or Enter, or press ? or * to list all spells.
You don't know that spell.
Casting: Necrotise (safe; 2% risk of failure)
Confirm with . or Enter, or press ? or * to list all spells.
You don't know that spell.
You hit the centaur but do no damage.
The centaur hits you but does no damage.
The centaur kicks you but does no damage.
The centaur barely misses you.
The centaur kicks you but does no damage.
You barely miss the centaur.
Your ufetubus slips past the centaur!
Your ufetubus hits the centaur.
Your ufetubus barely misses the centaur.
The centaur barely misses you. The centaur misses you.
Your ufetubus hits the centaur but does no damage.
Your ufetubus barely misses the centaur.
The centaur hits you.
You die...

# #. ###..
#....5############
......c@.........#
..........)..###.#
......<..###.# #.#
#)....####
#.###.##### .#....
#.........# #.....
#####.###.###
#..#. ...........
#..#. ###......##
########


You could see a centaur (ally target) and a friendly ufetubus (summoned).

Vanquished Creatures
  An adder (D:2)
  A ribbon worm (D:2)
  7 bats
  9 endoplasms
  2 hobgoblins
  7 kobolds
  2 quokkas (D:2)
  2 ball pythons
  A frilled lizard (D:1)
  9 goblins
  5 rats
46 creatures vanquished.

Vanquished Creatures (collateral kills)
  A bat (D:1)
  A frilled lizard (D:1)
2 creatures vanquished.

Grand Total: 48 creatures vanquished

Notes
Turn   | Place    | Note
-------+----------+-------------------------------------------
     0 | D:1      | PaiMei the Demonspawn Necromancer began the quest for the
                  | Orb.
     0 | D:1      | Reached XP level 1. HP: 13/13 MP: 3/3
   275 | D:1      | Gained mutation: You may rarely emit foul miasma when
                  | damaged in melee. [demonic ancestry]
   275 | D:1      | Reached XP level 2. HP: 15/19 MP: 0/5
   891 | D:2      | Gained mutation: A weak demonic guardian rushes to your
                  | aid. [demonic ancestry]
   891 | D:2      | Reached XP level 3. HP: 24/24 MP: 2/6
   944 | D:2      | Found a faded altar of an unknown god.
  1851 | D:3      | Noticed a centaur
  1859 | D:3      | Slain by a centaur

Illustrated notes

Levels and vault maps discovered:
D:1:      noname_arrival_rooms_in_the_neighbourhood, layout_basic,
          nicolae_twisty_statue_hallways
D:2:      layout_rooms, ebering_ecumenical_altar_sacrificial,
          minmay_misc_feat_secret_circle, minivault_23, kennysheep_minor_cross
D:3:      layout_loops_ring, gup_sewer_entry_spiral

Skill      XL: |  1 |
---------------+----+-----
Stealth        | 2 |  2.4
Dodging        | 2 |  2.5
Spellcasting   | |  2.5
Necromancy     | |  4.8

Action                     || total
---------------------------++-------
  Melee: Whip              ||     3
         Unarmed           ||     2
         War axe           ||    15
         Punch             ||     1
   Cast: Necrotise         ||    75
 Armour: Robe              ||    34
  Dodge: Dodged            ||    22
